 Dungeon Crawl Stone Soup version 0.21.1-1-g345015fe64 (webtiles) character file.

35 OlSheep the Sneak (level 3, 0/18 HPs)
             Began as a Vine Stalker Assassin on June 23, 2018.
             Succumbed to an adder's poison
             ... on level 2 of the Dungeon.
             The game lasted 00:04:24 (712 turns).

OlSheep the Sneak (Vine Stalker Assassin)            Turns: 712, Time: 00:04:24

Health: 0/18       AC:  4    Str: 16    XL:     3   Next: 35%
Magic:  2/4        EV: 11    Int: 11    God:
Gold:   39         SH:  0    Dex: 16    Spells: 2/2 levels left

rFire    . . .     SeeInvis .   a - +3 dagger
rCold    . . .     Gourm    .   (no shield)
rNeg     . . .     Faith    .   c - +0 robe
rPois    .         Spirit   +   (no helmet)
rElec    .         Reflect  .   d - +0 cloak
rCorr    .         Harm     .   i - +0 pair of gloves {Str+3}
MR       .....                  (no boots)
Stlth    ++........             (no amulet)
HPRegen  0.06/turn              l - ring of loudness (curse)
MPRegen  0.09/turn              (no ring)

@: lethally poisoned (0 -> -15)
A: fangs 2, magic shield, antimagic bite, no potion heal 3, rot immunity
a: no special abilities


You were on level 2 of the Dungeon.
You were not hungry.

You visited 1 branch of the dungeon, and saw 3 of its levels.

You collected 39 gold pieces.

Inventory:

Hand Weapons
 a - a +3 dagger (weapon)
 b - a +0 blowgun
Missiles
 e - 16 poisoned needles (quivered)
 f - 2 curare-tipped needles
Armour
 c - a +0 robe (worn)
 d - a +0 cloak (worn)
 i - a +0 pair of gloves of strength (worn)
Jewellery
 l - a cursed ring of loudness (left hand)
Scrolls
 o - a scroll of identify
Potions
 h - a potion of might {unknown}
 k - a potion of heal wounds
 m - a potion of magic {unknown}
 n - a potion of brilliance {unknown}
Comestibles
 g - a ration
 j - a chunk of flesh


   Skills:
 + Level 1.8 Fighting
 + Level 1.9 Short Blades
 + Level 1.8 Throwing
 + Level 0.7 Dodging
 * Level 6.1 Stealth


You had 2 spell levels left.
You didn't know any spells.

Dungeon Overview and Level Annotations

Branches:
Dungeon (3/15)

Altars:


Innate Abilities, Weirdness & Mutations

You have extremely sharp teeth.
When hurt, damage is shared between your health and your magic reserves.
Your bite disrupts and absorbs the magic of your enemies.
Potions cannot restore your health.
You are immune to rotting.


Message History

You closely miss the adder.
The adder is heavily wounded.
The adder closely misses you.
You hit the adder. Your bite misses the adder.
The adder is almost dead.
You feel sick. The adder bites you.
* * * LOW HITPOINT WARNING * * *
The adder bites you.
* * * LOW HITPOINT WARNING * * *
You are more poisoned.
The adder poisons you!
Unknown command.
You hit the adder.
You kill the adder!
Your Stealth skill increases to level 6!
* * * LOW HITPOINT WARNING * * *
You feel sick. The bat hits you but does no damage.
You barely miss the bat.
You kill the bat!
You die...

######.######## .#
.......#......##.#
#......#.###.....#
'......'.#.......#####+##
#......###.##....#......#
######## #.##....#......#
# #..'....#......#
#############...##......#
................@†w†....+
##################r.....#
###### ........# .....#
.(.......# .....#
..........# .)...#
#..........# .....#
#..........# .....#
#..........# .....#


You could see a worm and a rat.

Vanquished Creatures
  An adder (D:2)
  An ooze (D:1)
  2 dart slugs (D:1)
  3 bats
  3 goblins (D:1)
  A hobgoblin (D:1)
  2 jackals (D:1)
  A kobold (D:1)
  4 frilled lizards (D:1)
  2 rats
20 creatures vanquished.

Notes
Turn   | Place    | Note
-------+----------+-------------------------------------------
     0 | D:1      | OlSheep the Vine Stalker Assassin began the quest for the Orb.
     0 | D:1      | Reached XP level 1. HP: 11/11 MP: 2/2
    78 | D:1      | Reached skill level 5 in Stealth
   170 | D:1      | Reached XP level 2. HP: 15/15 MP: 3/3
   499 | D:1      | Reached XP level 3. HP: 18/18 MP: 4/4
   711 | D:2      | Reached skill level 6 in Stealth
   712 | D:2      | Succumbed to an adder's poison

Skill      XL: |  1  2  3 |
---------------+----------+-----
Stealth        | 5 6 |  6.1
Fighting       | |  1.8
Short Blades   | |  1.9
Throwing       | |  1.8
Dodging        | |  0.7

Action                   || total
-------------------------++-------
Melee: Dagger            ||    46
       Bite              ||    10
  Use: Scroll            ||     4
 Stab: Sleeping          ||     7
       Distracted        ||     1
Armor: Robe              ||     9
Dodge: Dodged            ||    20
